 Dungeon Sprint DCSS version 0.31-a0-256-g80acddb972 (webtiles) character file.

Game seed: 10151113896536547562

1859 Conn the Arsonist (level 9, -1/53 HPs)
             Began as an Octopode Fire Elementalist on July 13, 2023.
             Was a Believer of Sif Muna.
             Slain by a polar bear (3 damage)
             ... in the Dungeon (Sprint II: "The Violet Keep of Menkaure").
             The game lasted 00:06:49 (727 turns).

Conn the Arsonist (Octopode Fire Elementalist)       Turns: 727, Time: 00:06:50

Health: -1/53      AC:  1    Str:  7    XL:     9   Next: 13%
Magic:  0/24       EV: 15    Int: 21    God:    Sif Muna [**....]
Gold:   625        SH:  0    Dex: 13    Spells: 17/31 levels left

rFire   . . .        t - +4 falchion (freeze)
rCold   . . .        (no shield)
rNeg    . . .        (helmet restricted)
rPois   .            p - amulet of guardian spirit
rElec   .            (no ring)
rCorr   .            (no ring)
SInv    .            (no ring)
Will    .....        (no ring)
Stlth   +++++        (no ring)
HPRegen 0.28/turn    (no ring)
MPRegen 0.19/turn    (no ring)
                     (no ring)

%: no teleportation, guardian spirit
@: no status effects
A: almost no armour, amphibious, 8 rings, camouflage 1, gelatinous body 1,
nimble swimmer 1, tentacles
a: Renounce Religion, Channel Magic


You were in the Dungeon.
You worshipped Sif Muna.
Sif Muna was pleased with you.
You visited 1 branch You collected 625 gold pieces.

Inventory:

Hand Weapons
 t - a +4 falchion of freezing (weapon)
Jewellery
 p - an amulet of guardian spirit (around mantle)
Scrolls
 e - 4 scrolls of enchant armour
 f - a scroll of blinking
 h - 2 scrolls of brand weapon
 i - 2 scrolls of immolation
 j - a scroll of fog
 l - 3 scrolls of revelation
 m - a scroll of poison
 s - a scroll of summoning
Potions
 a - 6 potions of magic
 b - 3 potions of curing
 c - a potion of heal wounds
 g - 2 potions of resistance
 r - 2 potions of enlightenment


   Skills:
 + Level 1.2 Fighting
 + Level 5.7 Dodging
 - Level 6.3 Stealth
 - Level 0.5 Unarmed Combat
 * Level 11.5 Spellcasting
 * Level 7.7 Conjurations
 + Level 0.2 Hexes
 + Level 12.4 Fire Magic


You had 17 spell levels left.
You knew the following spells:

 Your Spells              Type           Power      Damage    Failure   Level
a - Foxfire               Conj/Fire      100%       2x1d9     1%          1
b - Scorch                Fire           100%       2d9       1%          2
c - Inner Flame           Hex/Fire       38%        N/A       1%          3
d - Flame Wave            Conj/Fire      53%        2d13      1%          4
e - Iskenderun's Mystic   Conj/Tloc      28%        2d7       12%         4

Your spell library contained the following spells:

 Spells                   Type           Power      Damage    Failure   Level
 Volatile Blastmotes      Fire/Tloc      76%        2d16      1%          3
 Portal Projectile        Hex/Tloc       24%        N/A       16%         3
 Tukima's Dance           Hex            12%        N/A       16%         3


Dungeon Overview and Level Annotations

Branches:
Dungeon (1/1)

Altars:
Cheibriados
Dithmenos
Elyvilon
Fedhas
Gozag
Hepliaklqana
Kikubaaqudgha
Makhleb
Nemelex Xobeh
Okawaru
Qazlal
Ru
Sif Muna
Trog
Uskayaw
Vehumet
Wu Jian
Xom
Yredelemnul
Zin
The Shining One
Jiyva
Lugonu

Annotations:
D exclusions: ice statue and orange crystal statue, Sonja


Innate Abilities, Weirdness & Mutations

You cannot wear most types of armour.
You are amphibious.
You can wear up to eight rings at the same time.
Your skin changes colour to match your surroundings (Stealth+).
Your rubbery body absorbs attacks. (AC +1, EV +1)
You are camouflaged when in or above water. (Stealth+)
You have tentacles for arms and can constrict up to eight enemies at once.


Message History

Flame seeps out of the polar bear.
The yaktaur is engulfed in a cloud of scalding steam.
You are engulfed in a cloud of scalding steam.
The polar bear is engulfed in a cloud of scalding steam.
The polar bear completely misses you. The polar bear claws you.
The polar bear closely misses you.
Casting: Flame Wave (dangerous; 1% risk of failure)
Confirm with . or Enter, or press ? or * to list all spells.
Flames lash the polar bear.
You kill the polar bear!
Sif Muna accepts your kill.
You are engulfed in a cloud of scalding steam.
* * * LOW HITPOINT WARNING * * *
Okay, then.
Unknown command.
Okay, then.
Unknown command.
Blink to where?
Press: ? - help, Dir - move target
Okay, then.
Unknown command.
Unknown command.
Blink to where?
Press: ? - help, Dir - move target Floosh!
As you read the scroll of blinking, it crumbles to dust.
You are engulfed in a cloud of scalding steam.
* * * LOW HITPOINT WARNING * * *
The polar bear goes berserk!
You aren't carrying any items that you can evoke.
Unknown command.
Casting: Scorch (safe; 1% risk of failure)
Confirm with . or Enter, or press ? or * to list all spells.
You conjure some foxfire!
Your foxfire dissipates!
The polar bear attacks as you move away!
The polar bear bites you.
* * * LOW HITPOINT WARNING * * *
The polar bear claws you.
You die...

,****,*,,#::▓...(..).▓▓.⌠.▓,*,+~,
##,,+.##.#:[▓.)[.....▓▓...▓,*,+~,
.#,,*...####▓..[...[.▓▓$qY▓^*,+~,
.##**#..#*$#▓(.).[...▓▓.$.▓,*,+~,
..#,,+.§#,.#▓.[.(....▓▓...▓,*,+~,
..#,,#.^#,c#▓[.))....▓▓$⌠K▓,*,*~,
..####.^##.#▓((.)....▓▓..G▓^*,*~,
....###...##▓▓▓▓▓▓▓'▓▓▓▓+▓▓,***~,
....§.§~~~~~yc~h@v~...≈≈≈▓§,,,,,,
~.....~#'########'###.X≈≈▓§,,,,,,
~~~~§.~#_._._...#~~§##≈≈≈▓$,,,,,*
~~~~~.~#._._._._#§§≈§####▓▓***~**
≈§§~~~§#_._._._.#§§§§§##..#,,*~*
≈§§§~~~#._._._._#~§§§≈≈#.§#,,*~*
≈≈§§≈≈~#.._._._.#~~§~~§'..+,,*~*
≈§###≈≈#..._._._#~§~§≈§#..#,,*~*
≈≈#,#§§#...._._.#~§§§≈≈▓§.#,,*~*


You could see a kraken, a polar bear (berserk, inner flame, ally target), a
yaktaur and a hornet.

Vanquished Creatures
  2 deep trolls (D)
  A polar bear (D)
  Menkaure (D)
  4 water moccasins (D)
  4 necrophages (D)
12 creatures vanquished.

Vanquished Creatures (others)
  29 foxfires (D)
29 creatures vanquished.

Grand Total: 41 creatures vanquished

Notes
Turn   | Place    | Note
-------+----------+-------------------------------------------
     0 | D        | Conn the Octopode Fire Elementalist began the quest for the
                  | Orb.
     0 | D        | Reached XP level 1. HP: 11/11 MP: 3/3
     4 | D        | Noticed a boulder beetle
     4 | D        | Noticed a boulder beetle
     8 | D        | Noticed a necrophage
     8 | D        | Noticed a necrophage
     8 | D        | Noticed a necrophage
     8 | D        | Noticed a necrophage
    13 | D        | Killed a necrophage
    14 | D        | Reached skill level 6 in Fire Magic
    14 | D        | Reached XP level 2. HP: 17/17 MP: 3/6
    14 | D        | Reached XP level 3. HP: 21/21 MP: 4/8
    14 | D        | Reached XP level 4. HP: 27/27 MP: 4/9
    16 | D        | Killed a necrophage
    17 | D        | Reached skill level 7 in Fire Magic
    17 | D        | Reached XP level 5. HP: 31/31 MP: 4/11
    20 | D        | Reached skill level 5 in Stealth
    20 | D        | Reached skill level 5 in Spellcasting
    20 | D        | Reached skill level 8 in Fire Magic
    25 | D        | Reached XP level 6. HP: 30/36 MP: 4/14
    35 | D        | Learned a level 2 spell: Scorch
    39 | D        | Learned a level 3 spell: Inner Flame
    44 | D        | Learned a level 4 spell: Flame Wave
    46 | D        | Noticed an ice statue
    48 | D        | Noticed Menkaure
    50 | D        | Noticed a water moccasin
    51 | D        | Killed Menkaure
    52 | D        | Killed a water moccasin
    53 | D        | Reached skill level 9 in Fire Magic
    62 | D        | Found an iron altar of Okawaru.
    62 | D        | Found an opulent altar of Gozag.
    63 | D        | Found a sparkling altar of Nemelex Xobeh.
    63 | D        | Found a blossoming altar of Fedhas.
    64 | D        | Found a radiant altar of Vehumet.
    64 | D        | Found a burning altar of Makhleb.
    64 | D        | Found a white marble altar of Elyvilon.
    65 | D        | Found a hide-covered altar of Uskayaw.
    65 | D        | Found a corrupted altar of Lugonu.
    65 | D        | Found a shadowy altar of Dithmenos.
    66 | D        | Found a glowing silver altar of Zin.
    66 | D        | Found a bloodstained altar of Trog.
    66 | D        | Found an ancient bone altar of Kikubaaqudgha.
    67 | D        | Found a basalt altar of Yredelemnul.
    67 | D        | Found a shimmering blue altar of Sif Muna.
    67 | D        | Found a viscous altar of Jiyva.
    68 | D        | Found a shimmering altar of Xom.
    68 | D        | Found a sacrificial altar of Ru.
    70 | D        | Found a glowing golden altar of the Shining One.
    70 | D        | Found an ornate altar of the Wu Jian Council.
    70 | D        | Found a stormy altar of Qazlal.
    70 | D        | Found a snail-covered altar of Cheibriados.
    70 | D        | Found a hazy altar of Hepliaklqana.
    73 | D        | Noticed a water moccasin
    74 | D        | Noticed a water moccasin
    76 | D        | Became a worshipper of Sif Muna the Loreminder
    89 | D        | Noticed a kraken
    90 | D        | Noticed a water moccasin
    92 | D        | Killed a water moccasin
    93 | D        | Reached skill level 5 in Conjurations
    93 | D        | Reached XP level 7. HP: 19/41 MP: 9/17
   123 | D        | Reached skill level 5 in Dodging
   123 | D        | Reached skill level 10 in Fire Magic
   392 | D        | Noticed a purple draconian shifter
   392 | D        | Noticed a hellephant
   392 | D        | Noticed Sonja
   392 | D        | Noticed a glowing orange brain
   392 | D        | Noticed a deep troll
   407 | D        | Reached * piety under Sif Muna
   414 | D        | Noticed a deep troll
   416 | D        | Noticed a flying skull
   416 | D        | Noticed a flying skull
   416 | D        | Noticed a flying skull
   416 | D        | Noticed a flying skull
   416 | D        | Noticed a flying skull
   416 | D        | Noticed a flying skull
   424 | D        | Killed a deep troll
   425 | D        | Reached skill level 1 in Fighting
   425 | D        | Reached skill level 11 in Fire Magic
   425 | D        | Reached XP level 8. HP: 43/48 MP: 3/21
   619 | D        | Learned a level 4 spell: Iskenderun's Mystic Blast
   639 | D        | Killed a deep troll
   640 | D        | Reached skill level 12 in Fire Magic
   640 | D        | Reached XP level 9. HP: 53/53 MP: 10/24
   664 | D        | Noticed an orange crystal statue
   712 | D        | Noticed a yaktaur
   712 | D        | Noticed a hornet
   712 | D        | Noticed a polar bear
   713 | D        | Noticed a polar bear
   723 | D        | Killed a polar bear
   723 | D        | Reached ** piety under Sif Muna
   727 | D        | HP: 2/53 [polar bear (6)]
   727 | D        | Slain by a polar bear

Illustrated notes

Levels and vault maps discovered:
D:        the_violet_keep_of_menkaure [sprint2_stairs_cluster_1,
          sprint2_shoproom, sprint2_temple, sprint2_basic_supplies,
          sprint2_obstacle_2, sprint2_obstacle_4, sprint2_obstacle_7,
          sprint2_obstacle_1, sprint2_obstacle_3, sprint2_timed_cluster_1,
          sprint2_smallroom_cluster_1, sprint2_smallroom_final_cluster_1,
          sprint2_transparent_cluster_1, sprint2_second_timed_cluster_1,
          sprint2_sniper_area_1, sprint2_heavy_combat_area_1,
          sprint2_mutation_trap_area_1, sprint2_forest_area_1,
          sprint2_light_combat_area_1, sprint2_behind_water_1,
          sprint2_near_end_vault_1]

Skill      XL: |  1  2  3  4  5  6  7  8 |
---------------+-------------------------+-----
Dodging        | 3 4 5 |  5.7
Stealth        | 4 5 6 |  6.3
Spellcasting   | 3 4 5 7 9 11 | 11.5
Fire Magic     | 6 7 8 9 11 12 | 12.4
Conjurations   | 2 4 5 6 7 |  7.7
Fighting       | 1 |  1.2
Unarmed Combat | |  0.5
Hexes          | |  0.2

Action                     |  1- 3 |  4- 6 |  7- 9 || total
---------------------------+-------+-------+-------++-------
  Melee: Unarmed           |     4 |    11 |       ||    15
         Tentacles         |     1 |     4 |       ||     5
         Constrict         |     1 |     3 |       ||     4
   Cast: Foxfire           |       |     3 |    15 ||    18
         Scorch            |       |     2 |    18 ||    20
         Inner Flame       |       |       |     1 ||     1
         Flame Wave        |       |       |     1 ||     1
    Use: Potion            |     1 |       |     5 ||     6
         Scroll            |       |       |    10 ||    10
  Dodge: Dodged            |     1 |     1 |     9 ||    11

Table legend: (Time is in decaauts)
 A = Elapsed time spent in this place.
 B = Non-inter-level travel time spent in this place.
 C = Inter-level travel time spent in this place.
 D = Time resting spent in this place.
 E = Time spent auto-exploring this place.
 F = Levels seen in this place.
 G = Mean time per level.
                   A        B        C        D        E       F      G
               +--------+--------+--------+--------+--------+-----+--------+
         Total |    721 |    721 |      0 |    237 |      0 |   1 |  721.0 |
       Dungeon |    721 |    721 |      0 |    237 |      0 |   1 |  721.0 |
               +--------+--------+--------+--------+--------+-----+--------+

Top non-repeatable levels by time:
       D: 721 daAuts
